 Dungeon Crawl Stone Soup version 0.31.0-32-g396128a36d (webtiles) character file.

Game seed: 4806686192393030053

53 Peloso the Covered (level 3, -4/33 HPs)
             Began as a Minotaur Fighter on Mar 17, 2024.
             Slain by Grinder (8 damage)
             ... while paralysed by Grinder
             ... on level 3 of the Dungeon.
             The game lasted 00:04:32 (1294 turns).

Peloso the Covered (Minotaur Fighter)               Turns: 1294, Time: 00:04:33

Health: -4/33      AC:  7    Str: 18 (20) XL:     3   Next: 62%
Magic:  2/2        EV:  2    Int:  3 (5)  God:
Gold:   40         SH:  0    Dex: 10 (11) Spells: 2/2 levels left

rFire   . . .        a - +0 long sword
rCold   . . .        c - +0 buckler
rNeg    . . .        b - +0 scale mail
rPois   .            (helmet restricted)
rElec   .            (no cloak)
rCorr   .            (no gloves)
SInv    .            (no boots)
Will    .....        (no amulet)
Stlth   +            (no ring)
HPRegen 0.25/turn    (no ring)
MPRegen 0.08/turn

%: no passive effects
@: paralysed, mighty
A: horns 2, retaliatory headbutt, camouflage 1, sturdy frame 1
a: no special abilities


You were on level 3 of the Dungeon.
You visited 1 branch of the dungeon, and saw 3 of its levels.

You collected 40 gold pieces.

Inventory:

Hand Weapons
 a - a +0 long sword (weapon)
Armour
 b - a +0 scale mail (worn)
 c - a +0 buckler (worn)
Scrolls
 e - 2 scrolls of identify
 f - a scroll of enchant armour {unknown}
 g - a scroll of enchant weapon {unknown}
 h - 2 scrolls of revelation {unknown}
 i - a scroll of fear {unknown}
 j - a scroll of butterflies {unknown}
 l - a scroll of teleportation
 m - a scroll of fog {unknown}
 n - a scroll of poison {unknown}


   Skills:
 + Level 4.1 Fighting
 + Level 3.1 Long Blades
 + Level 4.3 Armour
 + Level 0.6 Dodging
 + Level 4.0 Shields


You had 2 spell levels left.
You didn't know any spells.
Your spell library was empty.

Dungeon Overview and Level Annotations

Branches:
Dungeon (3/15)

Altars:
Cheibriados

Annotations:
D:3 Grinder


Innate Abilities, Weirdness & Mutations

You have a pair of horns on your head.
You reflexively headbutt those who attack you in melee.
Your skin changes colour to match your surroundings (Stealth+).
Your movements are slightly less encumbered by armour. (ER -2)


Message History

Grinder is lightly wounded.
Grinder hits you!
You writhe in agony.
Grinder hits you.
You barely miss Grinder.
Grinder is lightly wounded.
Grinder hits you but does no damage.
You hit Grinder. You headbutt Grinder!
Grinder is moderately wounded.
Grinder hits you but does no damage.
You closely miss Grinder.
Grinder is moderately wounded.
You block Grinder's attack. Grinder hits you but does no damage.
You barely miss Grinder.
Grinder is moderately wounded.
Grinder hits you but does no damage.
You barely miss Grinder.
Grinder is moderately wounded.
Grinder gestures at you.
You suddenly lose the ability to move!
Grinder hits you.
You writhe in agony.
Grinder gestures at you. You resist with significant effort.
You can move again.
Unknown command.
You feel better.
Grinder blinks!
Grinder gestures at you. Pain shoots through your body!
You aren't carrying any items that you can evoke.
Grinder blinks!
You feel very mighty all of a sudden. You block Grinder's attack.
You slash Grinder!
Grinder is heavily wounded.
Grinder gestures at you.
You suddenly lose the ability to move!
Grinder hits you.
You writhe in agony.
* * * LOW HITPOINT WARNING * * *
Grinder hits you.
* * * LOW HITPOINT WARNING * * *
Grinder hits you!
You die...
Grinder says, "Now the real fun starts!"

###########
#.@........
#5########.
#.# #.# #.#
#.# #.#
#.####
########....#


You could see Grinder.

Vanquished Creatures
  2 dart slugs
  An orc (D:3)
  3 bats
  4 endoplasms
  4 giant cockroaches
  5 goblins
  8 hobgoblins
  A quokka (D:1)
  2 ball pythons
  2 frilled lizards (D:2)
  6 kobolds
  4 rats
42 creatures vanquished.

Notes
Turn   | Place    | Note
-------+----------+-------------------------------------------
     0 | D:1      | Peloso the Minotaur Fighter began the quest for the Orb.
     0 | D:1      | Reached XP level 1. HP: 19/19 MP: 0/0
   120 | D:1      | Reached XP level 2. HP: 27/27 MP: 1/1
   549 | D:1      | Reached XP level 3. HP: 30/33 MP: 2/2
   589 | D:1      | Gained mutation: Your skin changes colour to match your
                  | surroundings (Stealth+). [potion of mutation]
   589 | D:1      | Gained mutation: Your movements are slightly less
                  | encumbered by armour. (ER -2) [potion of mutation]
   885 | D:2      | Found a snail-covered altar of Cheibriados.
  1266 | D:3      | Noticed Grinder
  1275 | D:3      | Paralysed by Grinder for 3 turns
  1292 | D:3      | Paralysed by Grinder for 3 turns
  1294 | D:3      | Slain by Grinder

Illustrated notes

Levels and vault maps discovered:
D:1:      lightli_arrival_isolated_outpost, layout_rooms,
          nicolae_concentric_dashed_squares_wild, hangedman_decor_slide_cut
D:2:      layout_rooms, basic_altar
D:3:      layout_basic, mainiacjoe_overflow_paths, lightli_sewer_entry_pipes,
          uniq_grinder

Skill      XL: |  1  2  3 |
---------------+----------+-----
Fighting       | 4 |  4.1
Armour         | 4 |  4.3
Shields        | 4 |  4.0
Long Blades    | 3 |  3.1
Dodging        | |  0.6

Action                     || total
---------------------------++-------
  Melee: Long sword        ||    90
         Headbutt          ||    11
    Use: Potion            ||     5
         Scroll            ||     2
   Stab: Sleeping          ||     1
 Armour: Scale mail        ||    84
  Dodge: Dodged            ||    50
  Block: Buckler           ||    26
